 Dungeon Crawl Stone Soup version 0.18.1-48-g4cf74bf (webtiles) character file.

31 LydiaK the Caller (level 3, -3/31 HPs)
             Began as an Ogre Summoner on Aug 6, 2016.
             Slain by Jessica (5 damage)
             ... on level 2 of the Dungeon.
             The game lasted 00:09:58 (1704 turns).

LydiaK the Caller (Ogre Summoner)                   Turns: 1704, Time: 00:09:58

Health: -3/31      AC:  3    Str: 12 (14) XL:     3   Next: 22%
Magic:  3/7        EV: 10    Int: 11 (14) God:
Gold:   72         SH:  0    Dex:  8 (10) Spells: 1 memorised, 7 levels left

rFire  . . .     SeeInvis .     f - +0 spear
rCold  . . .     Gourm    .     l - +0 robe
rNeg   . . .     Faith    .     (no shield)
rPois  .         Spirit   .     (helmet restricted)
rElec  .         Dismiss  .     (no cloak)
rCorr  .         Reflect  .     (gloves unavailable)
SustAt .         Harm     .     (boots unavailable)
MR     .....                    (no amulet)
Stlth  ..........               (no ring)
                                k - ring of loudness

@: very slightly contaminated, not resistant to hostile enchantments, extremely
unstealthy
A: unfitting armour, tough skin 1
a: no special abilities


You were on level 2 of the Dungeon.
You were not hungry.

You visited 1 branch of the dungeon, and saw 2 of its levels.

You collected 72 gold pieces.

Inventory:

Hand Weapons
 e - a +0 club
 f - a +0 spear (weapon)
 g - a -2 whip
 i - a +0 dagger
Missiles
 j - 35 stones (quivered)
Armour
 a - a +0 robe
 l - a +0 robe (worn)
Jewellery
 k - a ring of loudness (left hand)
Potions
 d - a potion of agility
 h - a potion of degeneration
Books
 b - a book of Callings

   Spells                             Type                      Level
   a - Summon Small Mammal            Summoning                    1
   b - Call Imp                       Summoning                    2
   c - Call Canine Familiar           Summoning                    3
   d - Summon Guardian Golem          Hexes/Summoning              3
   e - Summon Lightning Spire         Summoning/Air                4
   f - Summon Ice Beast               Ice/Summoning                4
Comestibles
 c - a bread ration


   Skills:
 + Level 2.1 Dodging
 + Level 1.5 Stealth
 + Level 3.2 Spellcasting
 + Level 3.2 Summonings


You had 7 spell levels left.
You knew the following spells:

 Your Spells              Type           Power        Failure   Level  Hunger
a - Summon Small Mammal   Summ           #...         10%         1    #......


Dungeon Overview and Level Annotations

Branches:
Dungeon (2/15)

Altars:

Annotations:
D:2 Jessica


Innate Abilities, Weirdness & Mutations

You are too large for most types of armour.
You have tough skin (AC +1).


Message History

Confirm with . or Enter, or press ? or * to list all spells.
Jessica hits you.
Jessica points at you and mumbles some strange words.
You barely resist.
Your bat closely misses Jessica.
Jessica barely misses you.
Your bat closely misses Jessica.
Your bat barely misses Jessica.
Jessica casts a spell at you. Pain shoots through your body!
* * * LOW HITPOINT WARNING * * *
Your bat hits Jessica but does no damage.
Your bat hits Jessica but does no damage.
Jessica hits you.
* * * LOW HITPOINT WARNING * * *
Jessica closely misses you.
Your bat barely misses Jessica.
Your bat barely misses Jessica.
Your bat closely misses Jessica.
Casting: Summon Small Mammal
Confirm with . or Enter, or press ? or * to list all spells.
Jessica hits you.
You die...

#### ### #...###..
..#..##.#
........##############
>............bb@@.b..#
........###########...#
.......[# ...
........###### #
..............
..............
#.##........##
#.##..........
#.##.......###


You could see Jessica and 3 friendly bats.

Vanquished Creatures
  A bat (D:1)
  A goblin (D:1)
  2 hobgoblins (D:1)
  A kobold (D:1)
  A giant newt (D:2)
6 creatures vanquished.

Vanquished Creatures (collateral kills)
  An adder (D:1)
  An ooze (D:1)
  A worm (D:2)
  A dart slug (D:1)
  A giant gecko (D:1)
  A bat (D:1)
  4 giant cockroaches
  2 goblins (D:1)
  A hobgoblin (D:1)
  A kobold (D:1)
  A giant newt (D:1)
  4 rats
19 creatures vanquished.

Grand Total: 25 creatures vanquished

Notes
Turn   | Place    | Note
--------------------------------------------------------------
     0 | D:1      | LydiaK the Ogre Summoner began the quest for the Orb.
     0 | D:1      | Reached XP level 1. HP: 16/16 MP: 3/3
   526 | D:1      | Reached XP level 2. HP: 21/24 MP: 5/5
  1062 | D:1      | Reached XP level 3. HP: 3/31 MP: 3/7
  1068 | D:1      | HP: 1/31 [poisoned by an adder]
  1680 | D:2      | Noticed Jessica
  1704 | D:2      | Slain by Jessica

Skill      XL: |  1  2 |
---------------+-------+-----
Summonings     | 3 |  3.2
Dodging        | 2 |  2.1
Spellcasting   | 3 |  3.2
Stealth        | |  1.5

Action                   || total
-------------------------++-------
Melee: Unarmed           ||     4
       Whip              ||     9
       Spear             ||    25
 Cast: Summon Small Mamm ||    64
  Use: Scroll            ||     6
       Potion            ||     3
 Stab: Distracted        ||     2
  Eat: Bread ration      ||     1
Armor: Robe              ||    26
Dodge: Dodged            ||    31
